 Dungeon Crawl Stone Soup version 0.28-a0-1199-gef9e1dbd39 (webtiles) character file.

Game seed: 12055097699259627478

35 ChaosChampion the Ruffian (level 3, -4/28 HPs)
             Began as a Draconian Transmuter on Dec 19, 2021.
             Succumbed to a goblin's poison
             ... on level 2 of the Dungeon.
             The game lasted 00:01:20 (2117 turns).

ChaosChampion the Ruffian (Draconian Transmuter)    Turns: 2117, Time: 00:01:20

Health: -4/28      AC:  5    Str: 12    XL:     3   Next: 17%
Magic:  5/6        EV: 12    Int: 15    God:
Gold:   58         SH:  0    Dex: 11    Spells: 3/6 levels left

rFire   . . .      SeeInvis .     - Unarmed
rCold   . . .      Faith    .   (no shield)
rNeg    . . .      Spirit   .   (armour unavailable)
rPois   .          Reflect  .   (helmet currently unavailable)
rElec   .          Harm     .   (no cloak)
rCorr   .          Rampage  .   (no gloves)
Will    .....                   (boots currently unavailable)
Stlth   +.........              (no amulet)
HPRegen 0.09/turn               (no ring)
MPRegen 0.10/turn               (no ring)

@: lethally poisoned (-4 -> -24), appendages (expiring)
A: horns 2, talons 2, AC +5, unfitting armour, cold-blooded
a: End Transformation


You were on level 2 of the Dungeon.
You had temporarily grown beastly horns and talons.
You visited 1 branch of the dungeon, and saw 2 of its levels.

You collected 58 gold pieces.

Inventory:

Scrolls
 b - a scroll of identify {unknown}
 c - 3 scrolls of teleportation {unknown}
 d - a scroll of immolation {unknown}
Potions
 a - a potion of heal wounds {unknown}
 e - a potion of might {unknown}


   Skills:
 - Level 1.1 Fighting
 - Level 1.7 Dodging
 * Level 4.0 Unarmed Combat
 - Level 2.0 Spellcasting
 + Level 2.6 Transmutations


You had 3 spell levels left.
You knew the following spells:

 Your Spells              Type           Power      Damage    Failure   Level
a - Beastly Appendage     Tmut           18%        N/A       8%          1
b - Wereblood             Tmut           9%         N/A       12%         2

Your spell library contained the following spells:

 Spells                   Type           Power      Damage    Failure   Level
 Slow                     Hex            4%         N/A       22%         1
 Spider Form              Tmut/Pois      5%         N/A       36%         3
 Confusing Touch          Hex            1%         N/A       54%         3
 Vampiric Draining        Necr           1%         2d6       54%         3
 Ice Form                 Ice/Tmut       5%         N/A       78%         4


Dungeon Overview and Level Annotations

Branches:
Dungeon (2/15)

Altars:
The Shining One

Shops:
D:1 *


Innate Abilities, Weirdness & Mutations

You have temporarily grown beastly horns and talons.
Your plain brown scales are hard. (AC +5)
You cannot fit into any form of body armour.
You are cold-blooded and may be slowed by cold attacks.


Message History

Casting: Beastly Appendage (safe; 8% risk of failure)
Confirm with . or Enter, or press ? or * to list all spells.
You grow a pair of large bovine horns.
Your feet morph into talons.
The goblin hits you but does no damage.
You are poisoned.
You miss the goblin.
You feel sick. The goblin hits you but does no damage.
You are more poisoned.
You completely miss the goblin. You claw the goblin, but do no damage.
Your transformation is almost over.
You feel very sick. The goblin closely misses you.
You closely miss the goblin. Your headbutt misses the goblin.
You feel sick. The goblin hits you but does no damage.
You are more poisoned.
A quokka comes into view.
You barely miss the goblin.
You feel very sick. The goblin hits you but does no damage.
You are lethally poisoned!
You hit the goblin but do no damage. Your kick misses the goblin.
You feel very sick.
The goblin hits you with a +0 dagger of venom.
You are more poisoned.
You are too injured to fight recklessly!
You are too injured to fight recklessly!
You are too injured to fight recklessly!
You are too injured to fight recklessly!
You are too injured to fight recklessly!
You are too injured to fight recklessly!
You are too injured to fight recklessly!
You are too injured to fight recklessly!
There is a lethal amount of poison in your body!
* * * LOW HITPOINT WARNING * * *
You feel very sick.
* * * LOW HITPOINT WARNING * * *
You feel very sick.
You see here a rat corpse.
You hit the goblin.
You kill the goblin!
You die...

#........#.....####......
.............#.# #......
...............# #.......
.........##..### #.##....
..(......##..###..
.........#.......
#......†#..#(.#
....###<#.#...#
.......†@)..#....
...............##
...............#
.............#...#
.............# .!#
...####........ .. ...
#......... . ..
#.........


There were no monsters in sight!

Vanquished Creatures
  A dart slug (D:1)
  4 bats
  4 endoplasms
  2 giant cockroaches (D:1)
  3 hobgoblins
  2 quokkas
  2 frilled lizards (D:1)
  5 goblins
  4 kobolds
  4 rats
31 creatures vanquished.

Notes
Turn   | Place    | Note
-------+----------+-------------------------------------------
     0 | D:1      | ChaosChampion the Draconian Transmuter began the quest for
                  | the Orb.
     0 | D:1      | Reached XP level 1. HP: 16/16 MP: 3/3
   248 | D:1      | Reached XP level 2. HP: 19/23 MP: 5/5
   251 | D:1      | Learned a level 2 spell: Wereblood
   452 | D:1      | Found Ippom's Assorted Antiques.
  1510 | D:2      | Reached XP level 3. HP: 27/28 MP: 4/6
  1527 | D:2      | Found a glowing golden altar of the Shining One.
  2017 | D:2      | Reached skill level 4 in Unarmed Combat
  2116 | D:2      | HP: 1/28 [poisoned by a goblin]
  2117 | D:2      | Succumbed to a goblin's poison

Illustrated notes

Levels and vault maps discovered:
D:1:      mainiacjoe_arrival_reflecting_pool, layout_basic, serial_shops,
          nicolae_shop_hallway_stairs
D:2:      layout_rooms, basic_altar

Skill      XL: |  1  2  3 |
---------------+----------+-----
Unarmed Combat | 4 |  4.0
Fighting       | |  1.1
Dodging        | |  1.7
Spellcasting   | |  2.0
Transmutations | |  2.6

Action                   || total
-------------------------++-------
Melee: Unarmed           ||    93
       Tailslap          ||     7
       Kick              ||     8
       Headbutt          ||     7
       Punch             ||     2
 Cast: Beastly Appendage ||    19
       Wereblood         ||     7
Armor: Skin              ||    30
Dodge: Dodged            ||    61

Table legend: (Time is in decaauts)
 A = Elapsed time spent in this place.
 B = Non-inter-level travel time spent in this place.
 C = Inter-level travel time spent in this place.
 D = Time resting spent in this place.
 E = Time spent auto-exploring this place.
 F = Levels seen in this place.
 G = Mean time per level.
                   A        B        C        D        E       F      G
               +--------+--------+--------+--------+--------+-----+--------+
         Total |   2110 |   2095 |     15 |    336 |   1487 |   2 | 1055.0 |
       Dungeon |   2110 |   2095 |     15 |    336 |   1487 |   2 | 1055.0 |
               +--------+--------+--------+--------+--------+-----+--------+

Top non-repeatable levels by time:
     D:1: 1886 daAuts
     D:2: 224 daAuts
